 Dungeon Crawl Stone Soup version 0.24-b1-48-gd9db55c (webtiles) character file.

Game seed: 7310440205950689349, levelgen mode: deterministic

74 Fang the Skirmisher (level 4, -2/29 HPs)
             Began as a Gargoyle Berserker on Oct 24, 2019.
             Was a Believer of Trog.
             Slain by a hobgoblin
             ... wielding a +0 club
              (10 damage)
             ... on level 2 of the Dungeon.
             The game lasted 00:01:11 (1348 turns).

Fang the Skirmisher (Gargoyle Berserker)            Turns: 1348, Time: 00:01:11

Health: -2/29      AC:  5    Str: 21    XL:     4   Next: 30%
Magic:  4/4        EV: 12    Int:  8    God:    Trog [**....]
Gold:   113        SH:  0    Dex:  9    Spells: 3/3 levels left

rFire    + . .     SeeInvis .   a - +0 hand axe
rCold    . . .     Gourm    .   (no shield)
rNeg     + . .     Faith    .   b - +0 animal skin
rPois    ∞         Spirit   .   (no helmet)
rElec    +         Reflect  .   (no cloak)
rCorr    .         Harm     .   (no gloves)
MR       .....                  (no boots)
Stlth    ..........             (no amulet)
HPRegen  0.09/turn              k - ring of attention (curse)
MPRegen  0.09/turn              m - ring of protection from fire

@: no status effects
A: negative energy resistance 1, electricity resistance, unbreathing,
petrification resistance, rot immunity, AC +3
a: Berserk, Trog's Hand, Renounce Religion


You were on level 2 of the Dungeon.
You worshipped Trog.
Trog was pleased with you.
You were not hungry.

You visited 1 branch of the dungeon, and saw 2 of its levels.

You collected 113 gold pieces.

Inventory:

Hand Weapons
 a - a +0 hand axe (weapon)
Armour
 b - a +0 animal skin (worn)
Jewellery
 k - a cursed ring of attention (left hand)
 m - a ring of protection from fire (right hand)
Scrolls
 d - a scroll of teleportation {unknown}
 e - a scroll of fear {unknown}
 g - a scroll of immolation {unknown}
 h - a scroll of remove curse {unknown}
 j - 2 scrolls of magic mapping {unknown}
Potions
 f - 2 potions of heal wounds {unknown}
 i - a potion of degeneration {unknown}
 n - a potion of flight {unknown}
Comestibles
 c - 5 rations
 l - 7 chunks of flesh


   Skills:
 + Level 4.0 Fighting
 + Level 3.2 Axes
 + Level 3.0 Armour
 + Level 2.2 Dodging


You had 3 spell levels left.
You didn't know any spells.
Your spell library was empty.

Dungeon Overview and Level Annotations

Branches:
Dungeon (2/15)

Altars:


Innate Abilities, Weirdness & Mutations

You are resistant to torment.
Your stone body is resilient. (AC +3)
You are immune to poison.
You resist negative energy. (rN+)
You are resistant to electric shocks. (rElec)
You can survive without breathing.
You are immune to petrification.
You are immune to rotting.


Message History

a +0 club; 3 chunks of flesh; a goblin skeleton The hobgoblin hits you with a +0 club.
* * * LOW HITPOINT WARNING * * *
You hit the hobgoblin.
The hobgoblin is heavily wounded.
The hobgoblin drinks a potion.
The hobgoblin seems to grow stronger.
The hobgoblin hits you but does no damage.
You barely miss the hobgoblin.
The hobgoblin is heavily wounded.
The hobgoblin hits you but does no damage.
You barely miss the hobgoblin.
The hobgoblin is heavily wounded.
The hobgoblin barely misses you.
You completely miss the hobgoblin.
The hobgoblin is heavily wounded.
The hobgoblin barely misses you.
You hit the hobgoblin but do no damage.
The hobgoblin is heavily wounded.
The hobgoblin hits you with a +0 club!
You die...

### ..# #>. ...
#####.#####.#
#.........#.#
#.###.###.#.# #### #.
#.###(#.# #...
#.###.#...#.#########..)
#.......)÷..÷.......'...
#######@....#.......#...
#g###.#.#####.#### #..
#.#.# #.# ###.#.#.# ..#
.#.#.# ### #...# #...#
##..# ...#


You could see a hobgoblin.

Vanquished Creatures
  3 gnolls (D:2)
  A worm (D:2)
  2 dart slugs
  5 bats
  A giant cockroach (D:2)
  5 hobgoblins
  4 jackals (D:2)
  A frilled lizard (D:1)
  6 goblins
  4 kobolds
  8 rats
40 creatures vanquished.

Notes
Turn   | Place    | Note
-------+----------+-------------------------------------------
     0 | D:1      | Fang the Gargoyle Berserker began the quest for the Orb.
     0 | D:1      | Reached XP level 1. HP: 14/14 MP: 1/1
   216 | D:1      | Reached XP level 2. HP: 11/19 MP: 2/2
   756 | D:1      | Reached XP level 3. HP: 15/23 MP: 3/3
   806 | D:2      | Reached ** piety under Trog
  1148 | D:2      | Reached XP level 4. HP: 29/29 MP: 4/4
  1271 | D:2      | Reached skill level 4 in Fighting
  1348 | D:2      | Slain by a hobgoblin

Skill      XL: |  1  2  3  4 |
---------------+-------------+-----
Axes           | 3 |  3.2
Dodging        | 2 |  2.2
Armour         | 3 |  3.0
Fighting       | 4 |  4.0

Action                   |  1- 3 |  4- 6 || total
-------------------------+-------+-------++-------
Melee: Hand axe          |    86 |    42 ||   128
Invok: Berserk           |     1 |     1 ||     2
  Eat: Chunk             |     2 |     1 ||     3
Armor: Animal skin       |    38 |    22 ||    60
Dodge: Dodged            |    61 |    32 ||    93
